AoeStats
← Cbear

Scandinavia

510404736Analyzed
1v1 RM · 2d ago on Sep 30, 2026· 22m 7s· 2 players
Game mode
Random Map
Map size
Tiny (2 player)
Population
200
Speed
Normal
Resources
Standard
Victory
Conquest
Starting age
Dark Age
Ending age
Imperial Age
RankedLock teamsTeams togetherTeam positionsShared explorationLock speedFull tech treeHidden civsTurbo modeCheats
Victory
Defeat
🇦🇷 Malians · Argentina
481
+17
🇺🇸 Britons · United States
499
-17
MatiStonner
6:46 Loom
12:00 Feudal Age
12:56 Double-Bit Axe
12:56 Horse Collar
12:43 Man-at-Arms
14:55 Fishing Lines
Cbear
2:13 Loom
10:53 Feudal Age
11:51 Double-Bit Axe
12:11 Horse Collar
13:36 Wheelbarrow
14:14 Fishing Lines
16:17 Man-at-Arms
Connection lost

Rejoining the realm…

Still unreachable

The connection could not be restored.

Session expired

The server has moved on; the page needs a fresh start.